 Dungeon Crawl Stone Soup version 0.31-a0-237-g2d982f9f85 (webtiles) character file.

Game seed: 7068382238505433360

58 IdlyInterested the Trooper (level 3, -2/29 HPs)
             Began as a Demonspawn Gladiator on July 11, 2023.
             Slain by a gnoll
             ... wielding a +0 flail
              (6 damage)
             ... on level 2 of the Dungeon.
             The game lasted 00:03:41 (1147 turns).

IdlyInterested the Trooper (Demonspawn Gladiator)   Turns: 1147, Time: 00:03:42

Health: -2/29      AC:  8    Str: 16    XL:     3   Next: 76%
Magic:  3/3        EV:  8    Int:  9    God:
Gold:   67         SH:  0    Dex: 14    Spells: 2/2 levels left

rFire   . . .        a - +0 flail
rCold   . . .        (no shield)
rNeg    . . .        o - +0 chain mail
rPois   .            (helmet restricted)
rElec   .            (no cloak)
rCorr   .            (no gloves)
SInv    .            (no boots)
Will    .....        (no amulet) Stlth
                     (no ring)
HPRegen 0.24/turn    (no ring)
MPRegen 0.16/turn

%: no passive effects
@: no status effects
A: horns 1, magic regeneration
a: no special abilities


You were on level 2 of the Dungeon.
You visited 1 branch of the dungeon, and saw 2 of its levels.

You collected 67 gold pieces.

Inventory:

Hand Weapons
 a - a +0 flail (weapon)
Missiles
 d - 3 throwing nets
 j - 8 stones (quivered)
Armour
 b - a +0 leather armour
 o - a +0 chain mail (worn)
Magical Staves
 q - a staff of poison
Scrolls
 f - a scroll of enchant weapon {unknown}
 i - a scroll of fog {unknown}
 m - a scroll of identify {unknown}
 n - a scroll of fear {unknown}
Potions
 g - a potion of curing {unknown}
 h - a potion of might {unknown}
 l - a potion of enlightenment {unknown}
 p - a potion of mutation {unknown}


   Skills:
 * Level 3.1 Fighting
 + Level 3.1 Maces & Flails
 - Level 1.7 Throwing
 - Level 1.0 Armour
 - Level 2.6 Dodging
 - Level 1.0 Stealth
 * Level 0.7 Evocations


You had 2 spell levels left.
You didn't know any spells.
Your spell library was empty.

Dungeon Overview and Level Annotations

Branches:
Dungeon (2/15)

Altars:

Shops:
D:1 (


Innate Abilities, Weirdness & Mutations

You have a pair of small horns on your head.
You regenerate magic rapidly.


Message History

You headbutt the gnoll, but do no damage.
The gnoll is moderately wounded.
The gnoll hits you with a +0 flail.
You closely miss the gnoll. You headbutt the gnoll.
The gnoll is severely wounded.
You kill the gnoll!
The gnoll hits you with a +0 flail.
The gnoll hits you from afar with a +0 halberd!
The gnoll hits you but does no damage.
Training target 1.0 for Stealth reached!
Your Stealth skill increases to level 1!
You sock the gnoll!
You kill the gnoll!
The gnoll hits you from afar with a +0 halberd.
Your Fighting skill increases to level 3!
Throw: 9 stones
Press: ? - help, Q - select action, (/) - cycle Shift-Dir - straight line, f/p - gnoll
Aim: a gnoll, wielding a +0 halberd (heavily wounded, 63% to hit)
You throw a stone.
The stone hits the gnoll but does no damage.
The gnoll is heavily wounded.
The gnoll barely misses you. The gnoll barely misses you.
Things that are here:
a +0 flail; a gnoll corpse You hit the gnoll.
The gnoll is severely wounded.
The gnoll hits you but does no damage.
You hit the gnoll but do no damage.
The gnoll is severely wounded.
The gnoll hits you with a +0 halberd.
You sock the gnoll!
You kill the gnoll!
The gnoll throws a throwing net.
The throwing net hits you.
You become entangled in the net!
You struggle against the net.
The gnoll hits you with a +0 flail.
* * * LOW HITPOINT WARNING * * *
You tear a large gash into the net.
The gnoll hits you but does no damage.
You rip the net and break free!
The gnoll hits you with a +0 flail.
You die...

...g. ... .... .#g## #.. ...
...###.# #.. .# #......###.#
.# #g# #..##.# ##+#.#
#.####:####..##.# #....#
#...............###....######
######(#######....'..........
#....(g@...###..........
###############..#......
#................
#.....)........#
#..............#
#.........[....#
#.........)†...#
#..#.#...........
#................


You could see a gnoll.

Vanquished Creatures
  3 gnolls (D:2)
  A dart slug (D:1)
  2 ball pythons (D:1)
  A bat (D:1)
  2 endoplasms (D:1)
  A giant cockroach (D:1)
  3 goblins
  4 hobgoblins
  4 kobolds
  A quokka (D:1)
  2 frilled lizards
  2 rats (D:1)
26 creatures vanquished.

Notes
Turn   | Place    | Note
-------+----------+-------------------------------------------
     0 | D:1      | IdlyInterested the Demonspawn Gladiator began the quest for
                  | the Orb.
     0 | D:1      | Reached XP level 1. HP: 16/16 MP: 1/1
   217 | D:1      | Found Huin's Antique Weapon Emporium.
   275 | D:1      | Gained mutation: You regenerate magic rapidly. [demonic
                  | ancestry]
   275 | D:1      | Reached XP level 2. HP: 23/23 MP: 2/2
   338 | D:1      | Reached skill level 1 in Armour
   448 | D:1      | Found a faded altar of an unknown god.
  1095 | D:2      | Gained mutation: You have a pair of small horns on your
                  | head. [demonic ancestry]
  1095 | D:2      | Reached XP level 3. HP: 28/28 MP: 3/3
  1139 | D:2      | Reached skill level 1 in Stealth
  1147 | D:2      | Slain by a gnoll

Illustrated notes

Levels and vault maps discovered:
D:1:      lightli_arrival_chessboard, layout_loops_ring,
          dilly_ecumenical_altar_fadedgnrine, serial_shops,
          nicolae_shop_competitors_out_of_business, nicolae_figureground_sparkle
D:2:      layout_basic, serial_glass, glass_columns_a, glass_columns_a,
          glass_columns_b, glass_columns_a, glass_columns_b

Skill      XL: |  1  2  3 |
---------------+----------+-----
Armour         | 1 |  1.0
Maces & Flails | 3 |  3.1
Stealth        | 1 |  1.0
Fighting       | 3 |  3.1
Throwing       | |  1.7
Dodging        | |  2.6
Evocations     | |  0.7

Action                     || total
---------------------------++-------
  Melee: Flail             ||    70
         Punch             ||     1
         Headbutt          ||     2
  Throw: Dart              ||     6
         Stone             ||     2
         Javelin           ||     1
   Stab: Sleeping          ||     1
 Armour: Leather armour    ||    12
         Chain mail        ||    23
  Dodge: Dodged            ||    46

Table legend: (Time is in decaauts)
 A = Elapsed time spent in this place.
 B = Non-inter-level travel time spent in this place.
 C = Inter-level travel time spent in this place.
 D = Time resting spent in this place.
 E = Time spent auto-exploring this place.
 F = Levels seen in this place.
 G = Mean time per level.
                   A        B        C        D        E       F      G
               +--------+--------+--------+--------+--------+-----+--------+
         Total |   1166 |    969 |    197 |     22 |    603 |   2 |  583.0 |
       Dungeon |   1166 |    969 |    197 |     22 |    603 |   2 |  583.0 |
               +--------+--------+--------+--------+--------+-----+--------+

Top non-repeatable levels by time:
     D:1: 1048 daAuts
     D:2: 117 daAuts
